 Dungeon Crawl Stone Soup version 0.19.5 (webtiles) character file.

0 tidbits the Grave Robber (level 1, 6/11 HPs)
             Began as a High Elf Necromancer on Dec 12, 2017.
             Quit the game on level 1 of the Dungeon.
             The game lasted 00:01:06 (30 turns).

tidbits the Grave Robber (High Elf Necromancer)       Turns: 30, Time: 00:01:06

Health: 6/11       AC:  2    Str:  7    XL:     1   Next: 8%
Magic:  1/4        EV: 12    Int: 18    God:
Gold:   0          SH:  0    Dex: 13    Spells: 1 memorised, 3 levels left

rFire  . . .     SeeInvis .     (no weapon)
rCold  . . .     Gourm    .     a - +0 robe
rNeg   . . .     Faith    .     (no shield)
rPois  .         Spirit   .     (no helmet)
rElec  .         Reflect  .     (no cloak)
rCorr  .         Harm     .     (no gloves)
MR     .....     Rnd*Tele +     (no boots)
Stlth  ++........               (no amulet)
                                (no ring)
                                (no ring)

@: flying, very slightly contaminated
A: clumsy 1, low mp 1, teleportitis 1
a: no special abilities


You were on level 1 of the Dungeon.
You were not hungry.

You visited 1 branch of the dungeon, and saw 1 of its levels.

Inventory:

Hand Weapons
 d - a +0 short sword
   (You took it off a kobold on level 1 of the Dungeon)
Armour
 a - a +0 robe (worn)
Books
 b - a book of Necromancy

   Spells                             Type                      Level
   a - Pain                           Necromancy                   1
   b - Animate Skeleton               Necromancy                   1
   c - Vampiric Draining              Necromancy                   3
   d - Regeneration                   Charms/Necromancy            3
   e - Animate Dead                   Necromancy                   4
   f - Control Undead                 Necromancy                   4
Comestibles
 c - a bread ration


   Skills:
 - Level 2.1 Dodging
 - Level 2.2 Stealth
 + Level 2.4 Spellcasting
 + Level 3.2 Necromancy


You had 3 spell levels left.
You knew the following spells:

 Your Spells              Type           Power        Failure   Level  Hunger
a - Pain                  Necr           ##..         6%          1    #......


Dungeon Overview and Level Annotations

Branches:
Dungeon (1/15)

Altars:


Innate Abilities, Weirdness & Mutations

You are clumsy. (Dex -2)
Your magical capacity is low. (-10% MP)
You are occasionally teleported next to monsters.


Message History

Welcome, tidbits the High Elf Necromancer.
It is said that the Orb of Zot exists deep within this dungeon.
Press ? for a list of commands and other information.
Found an escape hatch in the floor.
Found a staircase leading out of the dungeon.
Unknown command.
You open the door.
A kobold comes into view. It is wielding a short sword.
Found 14 gold pieces.
There is an open door here.
There is a staircase leading out of the dungeon here.
Casting: Pain
Confirm with . or Enter, or press ? or * to list all spells.
You can't see any susceptible monsters within range! (Use Z to cast anyway.)
There is an open door here.
Casting: Pain
Confirm with . or Enter, or press ? or * to list all spells.
Aiming: Pain
Press: ? - help, Shift-Dir - straight line, f - kobold
Aim: a kobold, wielding a short sword (resting, chance to defeat MR: 83%)
The kobold shouts!
The kobold writhes in agony!
Casting: Pain
Confirm with . or Enter, or press ? or * to list all spells.
Aiming: Pain
Press: ? - help, Shift-Dir - straight line, f/p - kobold
Aim: a kobold, wielding a short sword (moderately wounded, chance to defeat MR: 83%)
The kobold writhes in agony!
Casting: Pain
Confirm with . or Enter, or press ? or * to list all spells.
Aiming: Pain
Press: ? - help, Shift-Dir - straight line, f/p - kobold
Aim: a kobold, wielding a short sword (severely wounded, chance to defeat MR: 83%)
The kobold barely resists.
There is a staircase leading out of the dungeon here.
There is an escape hatch in the floor here.
Casting: Pain
Confirm with . or Enter, or press ? or * to list all spells.
Aiming: Pain
Press: ? - help, Shift-Dir - straight line, f/p - kobold
Aim: a kobold, wielding a short sword (severely wounded, chance to defeat MR: 83%)
The kobold writhes in agony!
You kill the kobold!
There is a staircase leading out of the dungeon here.
A frilled lizard comes into view.
There is an open door here.
Things that are here:
a short sword; a kobold corpse
d - a short sword
There is a staircase leading out of the dungeon here.
There is an escape hatch in the floor here.
You open the door.
There is an open door here.
A hobgoblin comes into view.
Found a fizzy dark potion, a grey potion, 3 fruits and a golden potion.
You close the door.
The hobgoblin shouts!
Casting: Pain
Confirm with . or Enter, or press ? or * to list all spells.
Aiming: Pain
Press: ? - help, Shift-Dir - straight line, f - hobgoblin
Aim: a hobgoblin (chance to defeat MR: 83%)
You miscast Pain.
You are very lightly contaminated with residual magic.
You shiver with cold.
Autopickup is now off.
You see here a grey potion.
It was a potion of flight.
You feel very buoyant.
You fly up into the air.
You see here a golden potion.
It was a potion of mutation.
You feel extremely strange.
You feel clumsy.
You feel less energetic.
You feel weirdly uncertain.
The frilled lizard hisses angrily.
The hobgoblin hits you.
Are you sure you want to abandon this character and quit the game? (Confirm with "yes".)

#####+#####
###...l.....###
##...⌠$........#
#.@⌠...#†# ...
+.g...##<# %...
+.....##># .!...
#......#+#...⌠..
##.........⌠...#
###.........###
#####+#####


You could see a hobgoblin and a frilled lizard.

Vanquished Creatures
  A kobold (D:1)
1 creature vanquished.

Notes
Turn   | Place    | Note
-------+----------+-------------------------------------------
     0 | D:1      | tidbits the High Elf Necromancer began the quest for the Orb.
     0 | D:1      | Reached XP level 1. HP: 11/11 MP: 4/4
    29 | D:1      | Gained mutation: You are clumsy. (Dex -2) [potion of mutation]
    29 | D:1      | Gained mutation: Your magical capacity is low. (-10% MP) [potion of mutation]
    29 | D:1      | Gained mutation: You are occasionally teleported next to monsters. [potion of mutation]
    30 | D:1      | Quit the game

Action                   || total
-------------------------++-------
 Cast: Pain              ||     4
  Use: Potion            ||     2

Table legend:
 A = Turns spent in this place as a percentage of turns spent in the entire game.
 B = Non-inter-level travel turns spent in this place as a percentage of non-inter-level travel turns spent in the entire game.
 C = Inter-level travel turns spent in this place as a percentage of turns spent in this place.
 D = Turns resting spent in this place as a percentage of non-inter-level travel turns spent in this place.
 E = Turns spent auto-exploring this place as a percentage of non-inter-level travel turns spent in this place.
 F = Non-inter-level travel turns spent in this place divided by the number of levels of this place that you've seen.
                   A       B       C       D       E      F
               +-------+-------+-------+-------+-------+----------------------
         Total | 100.0 | 100.0 |   0.0 |   0.0 |   0.0 |  37.0
       Dungeon | 100.0 | 100.0 |   0.0 |   0.0 |   0.0 |  37.0
               +-------+-------+-------+-------+-------+----------------------

Table legend:
 A = Kills in this place as a percentage of kills in entire the game.
 B = Kills by you in this place as a percentage of kills by you in the entire game.
 C = Kills by friends in this place as a percentage of kills by friends in the entire game.
 D = Other kills in this place as a percentage of other kills in the entire game.
 E = Experience gained in this place as a percentage of experience gained in the entire game.
 F = Experience gained in this place divided by the number of levels of this place that you have seen.
                   A       B       C       D       E      F
               +-------+-------+-------+-------+-------+----------------------
         Total | 100.0 | 100.0 |  -nan |  -nan | 100.0 |   1.0
       Dungeon | 100.0 | 100.0 |  -nan |  -nan | 100.0 |   1.0
               +-------+-------+-------+-------+-------+----------------------

Vault maps used:
D:1:      dpeg_arrival_refuge, minmay_bisected
